 Dungeon Crawl Stone Soup version 0.28.0-53-g5a82cb258f (webtiles) character file.

Game seed: 9125726004723623701

95 Sin92 the Skirmisher (level 4, -8/35 HPs)
             Began as a Demonspawn Fighter on June 9, 2022.
             Killed by nerve-wracking pain
             ... invoked by Grinder
              (12 damage)
             ... on level 3 of the Dungeon.
             The game lasted 00:02:28 (2596 turns).

Sin92 the Skirmisher (Demonspawn Fighter)           Turns: 2596, Time: 00:02:29

Health: -8/35      AC:  6    Str: 16    XL:     4   Next: 40%
Magic:  4/4        EV:  9    Int: 10    God:
Gold:   79         SH:  5    Dex: 14    Spells: 3/3 levels left

rFire   . . .      SeeInvis .   a - +0 long sword
rCold   . . .      Faith    .   c - +0 buckler
rNeg    . . .      Spirit   .   b - +0 scale mail
rPois   .          Reflect  .   (no helmet)
rElec   .          Harm     .   (no cloak)
rCorr   .          Rampage  .   (no gloves)
Will    .....                   (no boots)
Stlth   ..........              (no amulet)
HPRegen 0.11/turn               (no ring)
MPRegen 0.09/turn               (no ring)

@: no status effects
A: weakness stinger 2
a: no special abilities


You were on level 3 of the Dungeon.
You visited 1 branch of the dungeon, and saw 3 of its levels.

You collected 79 gold pieces.

Inventory:

Hand Weapons
 a - a +0 long sword (weapon)
Missiles
 h - a boomerang of dispersal (quivered)
Armour
 b - a +0 scale mail (worn)
 c - a +0 buckler (worn)
Wands
 j - a wand of acid (11)
Scrolls
 e - a scroll of noise
 f - a scroll of identify
 g - 3 scrolls of magic mapping {unknown}
 k - a scroll of silence
Potions
 d - a potion of might
 i - a potion of curing


   Skills:
 + Level 3.5 Fighting
 + Level 2.4 Long Blades
 + Level 3.1 Armour
 + Level 1.4 Dodging
 + Level 3.2 Shields


You had 3 spell levels left.
You didn't know any spells.
Your spell library was empty.

Dungeon Overview and Level Annotations

Branches:
Dungeon (3/15)

Altars:

Annotations:
D:3 Grinder


Innate Abilities, Weirdness & Mutations

You have a tail ending in a sharp stinger.


Message History

Pain shoots through your body! Grinder hits you.
You writhe in agony.
* * * LOW HITPOINT WARNING * * *
You closely miss Grinder.
Grinder is heavily wounded.
Grinder hits you.
* * * LOW HITPOINT WARNING * * *
You writhe in agony.
* * * LOW HITPOINT WARNING * * *
Unknown command.
Throw: 3 boomerangs (disperse)
Press: ? - help, Shift-Dir - straight line, f - Grinder
Aim: Grinder (heavily wounded, 55% to hit)
You throw a boomerang of dispersal.
The boomerang of dispersal closely misses Grinder.
You block Grinder's attack.
Throw: 2 boomerangs (disperse)
Press: ? - help, Shift-Dir - straight line, f/p - Grinder
Aim: Grinder (heavily wounded, 55% to hit)
You throw a boomerang of dispersal.
The boomerang of dispersal hits Grinder but does no damage.
Grinder is heavily wounded.
Grinder closely misses you. Grinder hits you but does no damage.
You closely miss Grinder.
Grinder is heavily wounded.
Grinder gestures at you.
You suddenly lose the ability to move!
Grinder hits you but does no damage.
You can move again.
You hit Grinder but do no damage.
Grinder is heavily wounded.
Grinder hits you but does no damage.
You slash Grinder!
Grinder is severely wounded.
You block Grinder's attack.
You closely miss Grinder.
Grinder is severely wounded.
Grinder blinks!
Grinder gestures at you. Pain shoots through your body!
You die...

..##.#.#.#.#...#.#
.....†.....#...#.#.#
.....#<#...........#
...#.#.#.###...###.# ..
#...)..[)....# .#
#.#.#.###..5###.# .
#.#.............##...
.....................
..............@§..[...
#.#.#.###########.#####
#.#.#.# .# #.###


You could see Grinder.

Vanquished Creatures
  2 adders (D:2)
  A worm (D:3)
  2 dart slugs
  5 orcs (D:3)
  4 bats
  6 endoplasms
  3 giant cockroaches
  5 goblins (D:2)
  8 hobgoblins
  4 kobolds
  5 quokkas
  2 ball pythons (D:1)
  5 frilled lizards
  7 rats
59 creatures vanquished.

Notes
Turn   | Place    | Note
-------+----------+-------------------------------------------
     0 | D:1      | Sin92 the Demonspawn Fighter began the quest for the Orb.
     0 | D:1      | Reached XP level 1. HP: 18/18 MP: 1/1
   127 | D:1      | Gained mutation: You have a small tail. [demonic ancestry]
   127 | D:1      | Reached XP level 2. HP: 24/24 MP: 2/2
   710 | D:1      | Reached skill level 1 in Dodging
   710 | D:1      | Reached XP level 3. HP: 28/29 MP: 3/3
  1561 | D:2      | Gained mutation: You have a tail ending in a sharp stinger.
                  | [demonic ancestry]
  1561 | D:2      | Reached XP level 4. HP: 34/35 MP: 4/4
  1737 | D:2      | Found a faded altar of an unknown god.
  2078 | D:3      | Noticed Grinder
  2141 | D:3      | HP: 1/35 [orc/+0 trident (6)]
  2592 | D:3      | Paralysed by Grinder for 2 turns
  2596 | D:3      | Killed from afar by Grinder

Illustrated notes

Levels and vault maps discovered:
D:1:      tarquinn_simple_flora_water_f, layout_loops_ring
D:2:      layout_basic, basic_ecumenical_altar
D:3:      layout_basic, uniq_grinder, uniq_crazy_yiuf_cottage, uniq_natasha,
          uniq_jessica

Skill      XL: |  1  2  3 |
---------------+----------+-----
Long Blades    | 2 |  2.4
Dodging        | 1 |  1.4
Shields        | 3 |  3.2
Armour         | 3 |  3.1
Fighting       | |  3.5

Action                   |  1- 3 |  4- 6 || total
-------------------------+-------+-------++-------
Melee: Long sword        |   120 |    58 ||   178
       Tailslap          |     7 |     5 ||    12
Throw: Boomerang         |       |     2 ||     2
  Use: Scroll            |       |     3 ||     3
       Potion            |       |     2 ||     2
Armor: Scale mail        |    53 |    28 ||    81
Dodge: Dodged            |    48 |    34 ||    82
Block: Buckler           |    28 |    19 ||    47
